AoeStats
← ms0268062

Arabia

510312599Analyzed
2v2 RM · 1d ago on Sep 30, 2026· 22m 23s· 4 players
Game mode
Random Map
Map size
Medium (4 player)
Population
200
Speed
Normal
Resources
Standard
Victory
Conquest
Starting age
Dark Age
Ending age
Imperial Age
RankedLock teamsTeams togetherTeam positionsShared explorationLock speedFull tech treeHidden civsTurbo modeCheats
Victory
Defeat
🇩🇰 Romans · Denmark
1175
+14
🇬🇷 Khmer · Greece
1175
+15
🇹🇼 Magyars · Taiwan
1155
-15
🇧🇪 Franks · Belgium
1134
-14
ms0268062
7:13 Loom
10:17 Feudal Age
16:54 Double-Bit Axe
20:46 Horse Collar
hakki
2:17 Loom
11:01 Feudal Age
11:37 Double-Bit Axe
18:55 Castle Age
18:17 Gold Mining
19:11 Wheelbarrow
20:07 Bow Saw
LeCuzz DeMarr
6:19 Loom
9:20 Feudal Age
9:31 Man-at-Arms
10:49 Scale Mail Armor
12:50 Double-Bit Axe
14:58 Wheelbarrow
18:38 Castle Age
17:24 Horse Collar
19:50 Bow Saw
19:43 Heavy Plow
22:45 Chain Mail Armor
NomadX
3:31 Loom
5:37 Loom
8:23 Feudal Age
15:10 Double-Bit Axe
18:45 Castle Age
16:35 Horse Collar
17:28 Gold Mining
19:13 Wheelbarrow
19:56 Forging
19:52 Scale Barding Armor
21:08 Bloodlines
21:58 Husbandry
Connection lost

Rejoining the realm…

Still unreachable

The connection could not be restored.

Session expired

The server has moved on; the page needs a fresh start.